 Dungeon Crawl Stone Soup version 0.21.1-1-g345015fe64 (webtiles) character file.

110 Ivernyr the Vexing (level 4, -3/34 HPs)
             Began as a Gnoll Arcane Marksman on Mar 24, 2018.
             Killed from afar by an orc wizard (4 damage)
             ... with a puff of frost
             ... on level 3 of the Dungeon.
             The game lasted 00:08:10 (2487 turns).

Ivernyr the Vexing (Gnoll Arcane Marksman)          Turns: 2487, Time: 00:08:11

Health: -3/34      AC:  6    Str: 13    XL:     4   Next: 91%
Magic:  8/8        EV: 15    Int: 15    God:
Gold:   65         SH:  0    Dex: 16    Spells: 8/9 levels left

rFire    . . .     SeeInvis .   a - +0 falchion
rCold    . . .     Gourm    .   (no shield)
rNeg     + . .     Faith    .   z - +2 robe {rN+}
rPois    .         Spirit   .   (no helmet)
rElec    .         Reflect  .   (no cloak)
rCorr    .         Harm     .   o - +1 pair of gloves
MR       .....                  (no boots)
Stlth    ++........             (no amulet)
HPRegen  0.11/turn              (no ring)
MPRegen  0.11/turn              (no ring)

@: no status effects
A: distributed training, fangs 1, strong nose
a: no special abilities


You were on level 3 of the Dungeon.
You were not hungry.

You visited 1 branch of the dungeon, and saw 3 of its levels.

You collected 65 gold pieces.

Inventory:

Hand Weapons
 a - a +0 falchion (weapon)
 s - a +0 blowgun
Missiles
 c - 5 javelins (quivered)
 d - 2 throwing nets
 D - 14 poisoned needles
Armour
 o - a +1 pair of gloves (worn)
 z - a +2 robe of positive energy (worn)
Scrolls
 e - 2 scrolls of remove curse {unknown}
 g - a scroll of immolation {unknown}
 k - 2 scrolls of enchant armour {unknown}
 n - a scroll of magic mapping {unknown}
 q - a scroll of teleportation {unknown}
 t - a scroll of amnesia {unknown}
 y - 2 scrolls of identify {unknown}
Potions
 h - a potion of brilliance {unknown}
 i - 3 potions of cancellation {unknown}
 j - a potion of heal wounds {unknown}
 l - a potion of lignification {unknown}
 m - a potion of ambrosia {unknown}
 r - 2 potions of flight {unknown}
 u - a potion of agility {unknown}
 v - a potion of curing {unknown}
 w - a potion of might {unknown}
 x - a potion of mutation {unknown}
 A - a potion of haste {unknown}
 B - a potion of degeneration {unknown}
 C - a potion of invisibility {unknown}
Books
 b - a book of Debilitation

   Spells                             Type                      Level
   a - Corona                         Hexes                        1
   b - Slow                           Hexes                        2
   c - Inner Flame                    Hexes/Fire                   3
   d - Portal Projectile              Hexes/Translocation          3
   e - Cause Fear                     Hexes                        4
   f - Leda's Liquefaction            Hexes/Earth                  4
Comestibles
 f - 4 rations


   Skills:
 + Level 2.8 Fighting
 + Level 1.2 Short Blades
 + Level 1.2 Long Blades
 + Level 1.2 Axes
 + Level 1.2 Maces & Flails
 + Level 1.2 Polearms
 + Level 1.2 Staves
 + Level 1.2 Slings
 + Level 1.2 Bows
 + Level 1.2 Crossbows
 + Level 4.7 Throwing
 + Level 1.2 Armour
 + Level 4.7 Dodging
 + Level 1.2 Stealth
 + Level 1.2 Shields
 + Level 1.2 Unarmed Combat
 + Level 3.0 Spellcasting
 + Level 1.0 Conjurations
 + Level 5.5 Hexes
 + Level 1.0 Charms
 + Level 1.0 Summonings
 + Level 1.0 Necromancy
 + Level 1.0 Translocations
 + Level 1.0 Transmutations
 + Level 1.0 Fire Magic
 + Level 1.0 Ice Magic
 + Level 1.0 Air Magic
 + Level 1.0 Earth Magic
 + Level 1.0 Poison Magic
 + Level 1.4 Invocations
 + Level 1.2 Evocations


You had 8 spell levels left.
You knew the following spells:

 Your Spells              Type           Power        Failure   Level  Hunger
a - Corona                Hex            ###....      1%          1    #......


Dungeon Overview and Level Annotations

Branches:
Dungeon (3/15)

Altars:
Makhleb
Nemelex Xobeh


Innate Abilities, Weirdness & Mutations

Your experience applies equally to all skills.
You have very sharp teeth.
Your uncanny sense of smell can sniff out nearby items.


Message History

The orc wizard points at you and mumbles some strange words.
The puff of flame hits you!
* * * LOW HITPOINT WARNING * * *
The orc wizard gestures wildly while chanting.
The orc wizard flickers and vanishes!
Deactivating autopickup; reactivate with Ctrl-A.
You closely miss something. Something hits you but does no damage.
You hear some strange, mumbled words.
A puff of frost appears from out of thin air!
The puff of frost hits you!
* * * LOW HITPOINT WARNING * * *
You hit something. You bite something. Something hits you.
* * * LOW HITPOINT WARNING * * *
You barely miss something. Your bite misses something.
Something hits you but does no damage. x2
You barely miss something.
You hear some strange, mumbled words.
A puff of frost appears from out of thin air!
The puff of frost hits you!
You die...

# .# #.###
######.....
#######)%.....##
....<.{@....(..#
.######)#.##.#.##
#(#.......#
#.....###.###
#.....# #... #
#.....# #..# .#
#...†[# #..# .#
#.....###..##..#
###.........#..#


There were no monsters in sight!

Vanquished Creatures
  3 adders
  3 oozes
  2 dart slugs
  2 leopard geckos
  2 orcs (D:3)
  A ball python (D:2)
  4 bats (D:2)
  3 giant cockroaches
  10 goblins
  7 hobgoblins
  6 jackals
  A quokka (D:1)
  3 frilled lizards
  6 kobolds
  6 rats
  A plant (D:2)
60 creatures vanquished.

Notes
Turn   | Place    | Note
-------+----------+-------------------------------------------
     0 | D:1      | Ivernyr the Gnoll Arcane Marksman began the quest for the Orb.
     0 | D:1      | Reached XP level 1. HP: 17/17 MP: 4/4
   494 | D:1      | Reached XP level 2. HP: 23/23 MP: 3/5
   850 | D:1      | Reached XP level 3. HP: 19/28 MP: 7/7
  1231 | D:2      | Found a sparkling altar of Nemelex Xobeh.
  1273 | D:2      | Reached skill level 1 in Invocations
  1347 | D:2      | Found a burning altar of Makhleb.
  1349 | D:2      | Noticed a blizzard demon
  1461 | D:2      | Reached skill level 1 in Short Blades
  1461 | D:2      | Reached skill level 1 in Long Blades
  1461 | D:2      | Reached skill level 1 in Axes
  1461 | D:2      | Reached skill level 1 in Maces & Flails
  1461 | D:2      | Reached skill level 1 in Polearms
  1461 | D:2      | Reached skill level 1 in Staves
  1461 | D:2      | Reached skill level 1 in Slings
  1461 | D:2      | Reached skill level 1 in Bows
  1461 | D:2      | Reached skill level 1 in Crossbows
  1461 | D:2      | Reached skill level 1 in Armour
  1461 | D:2      | Reached skill level 1 in Stealth
  1461 | D:2      | Reached skill level 1 in Shields
  1461 | D:2      | Reached skill level 1 in Unarmed Combat
  1461 | D:2      | Reached skill level 1 in Evocations
  1621 | D:2      | Reached XP level 4. HP: 33/34 MP: 8/8
  2405 | D:3      | Reached skill level 1 in Conjurations
  2405 | D:3      | Reached skill level 1 in Charms
  2405 | D:3      | Reached skill level 1 in Summonings
  2405 | D:3      | Reached skill level 1 in Necromancy
  2405 | D:3      | Reached skill level 1 in Translocations
  2405 | D:3      | Reached skill level 1 in Transmutations
  2405 | D:3      | Reached skill level 1 in Fire Magic
  2405 | D:3      | Reached skill level 1 in Ice Magic
  2405 | D:3      | Reached skill level 1 in Air Magic
  2405 | D:3      | Reached skill level 1 in Earth Magic
  2405 | D:3      | Reached skill level 1 in Poison Magic
  2485 | D:3      | HP: 1/34 [something (2)]
  2487 | D:3      | Killed from afar by an orc wizard

Skill      XL: |  1  2  3  4 |
---------------+-------------+-----
Invocations    | 1 |  1.4
Short Blades   | 1 |  1.2
Long Blades    | 1 |  1.2
Axes           | 1 |  1.2
Maces & Flails | 1 |  1.2
Polearms       | 1 |  1.2
Staves         | 1 |  1.2
Slings         | 1 |  1.2
Bows           | 1 |  1.2
Crossbows      | 1 |  1.2
Armour         | 1 |  1.2
Stealth        | 1 |  1.2
Shields        | 1 |  1.2
Unarmed Combat | 1 |  1.2
Evocations     | 1 |  1.2
Spellcasting   | 3 |  3.0
Conjurations   | 1 |  1.0
Charms         | 1 |  1.0
Summonings     | 1 |  1.0
Necromancy     | 1 |  1.0
Translocations | 1 |  1.0
Transmutations | 1 |  1.0
Fire Magic     | 1 |  1.0
Ice Magic      | 1 |  1.0
Air Magic      | 1 |  1.0
Earth Magic    | 1 |  1.0
Poison Magic   | 1 |  1.0
Fighting       | |  2.8
Throwing       | |  4.7
Dodging        | |  4.7
Hexes          | |  5.5

Action                   |  1- 3 |  4- 6 || total
-------------------------+-------+-------++-------
Melee: Unarmed           |    45 |       ||    45
       Bite              |     8 |    23 ||    31
       Hand axe          |    82 |    16 ||    98
       Punch             |     2 |     1 ||     3
       Falchion          |       |   186 ||   186
 Fire: Blowgun           |       |     2 ||     2
 Cast: Corona            |    13 |     3 ||    16
 Stab: Sleeping          |       |     2 ||     2
  Eat: Chunk             |     2 |     4 ||     6
Armor: Robe              |    25 |    21 ||    46
Dodge: Dodged            |   121 |    70 ||   191
       Rpst.: Falchion   |       |    17 ||    17
